 Dungeon Crawl Stone Soup version 0.29-a0-723-gce39da1c22 (webtiles) character file.

Game seed: 7361652037184490222

313 blackman the Chopper (level 6, 0/47 HPs)
             Began as a Human Delver on June 28, 2022.
             Slain by an orc wizard
             ... wielding a +0 dagger
              (3 damage)
             ... on level 5 of the Dungeon.
             The game lasted 00:02:23 (2404 turns).

blackman the Chopper (Human Delver)                 Turns: 2404, Time: 00:02:23

Health: 0/47       AC:  8    Str: 14    XL:     6   Next: 71%
Magic:  6/6        EV:  6    Int: 10    God:
Gold:   42         SH:  0    Dex: 15    Spells: 5/5 levels left

rFire   . . .      SeeInvis .   p - +1 whip (elec)
rCold   . . .      Faith    .   (no shield)
rNeg    . . .      Spirit   .   j - +0 chain mail
rPois   .          Reflect  .   (no helmet)
rElec   .          Harm     .   (no cloak)
rCorr   .          Rampage  .   (no gloves)
Will    .....                   (no boots)
Stlth   ..........              (no amulet)
HPRegen 0.15/turn               (no ring)
MPRegen 0.10/turn               (no ring)

@: no status effects
A: no striking features
a: no special abilities


You were on level 5 of the Dungeon.
You visited 1 branch of the dungeon, and saw 2 of its levels.

You collected 42 gold pieces.

Inventory:

Hand Weapons
 a - a +0 hand axe
 l - a +1 vorpal hand axe
 p - a +1 whip of electrocution (weapon)
Armour
 b - a +0 leather armour
 j - a +0 chain mail (worn)
Jewellery
 k - an amulet of reflection
Wands
 g - a wand of digging (3)
 i - a wand of light (2)
Scrolls
 c - a scroll of fog
 d - a scroll of magic mapping
 e - a scroll of fear
 h - a scroll of identify {unknown}
 n - a scroll of noise {unknown}
 o - a scroll of vulnerability {unknown}
Potions
 f - 2 potions of haste


   Skills:
 - Level 3.0 Fighting
 + Level 6.6 Axes
 - Level 2.0 Dodging
 - Level 5.0 Stealth


You had 5 spell levels left.
You didn't know any spells.
Your spell library was empty.

Dungeon Overview and Level Annotations

Branches:
Dungeon (6/15)
 Temple: D:4-7

Altars:


Message History

Deactivating autopickup; reactivate with Ctrl-A.
The orc wizard casts a spell at you. You resist with some effort.
You hit the orc wizard.
The orc wizard is moderately wounded.
You hear some strange, mumbled words.
A puff of flame appears from out of thin air!
The puff of flame hits you!
* * * LOW HITPOINT WARNING * * *
The orc wizard barely misses you.
You hit the orc wizard.
The orc wizard is heavily wounded.
Something hits you.
* * * LOW HITPOINT WARNING * * *
The orc wizard hits you but does no damage.
It was a potion of heal wounds.
You feel much better. Something hits you but does no damage.
The orc wizard barely misses you.
You hit the orc wizard but do no damage.
The orc wizard is heavily wounded.
Something hits you.
The orc wizard gestures at you while chanting.
The magic dart hits you.
You hit the orc wizard.
Lightning courses through the orc wizard!
You kill the orc wizard!
You hear some strange, mumbled words.
A puff of flame appears from out of thin air!
The puff of flame hits you!
* * * LOW HITPOINT WARNING * * *
You closely miss something. Something completely misses you.
You miss something. Something hits you but does no damage.
You closely miss something. Something hits you but does no damage.
You closely miss something.
You hear some strange, mumbled words.
A puff of flame appears from out of thin air!
The puff of flame hits you.
* * * LOW HITPOINT WARNING * * *
You hit something. Lightning courses through something!
You closely miss something. Something hits you.
You die...

#### ##.##
##..## #..#
#....## ##.##
#.....# ##.##
#.....# #..#
##..>..#
##.##
#.....##
##.## ##....#
##[.#
#...#####.@##
#........{)#
#..#######.##
##.## #..##
#.## ##..##
### ##..##
##..## #
##..# #######
##.## #......


There were no monsters in sight!

Vanquished Creatures
  An ogre (D:5)
  A bullfrog (D:5)
  A scorpion (D:5)
  A jelly (D:5)
  An orc wizard (D:5)
  An iguana (D:5)
  An adder (D:5)
  A dart slug (D:5)
  7 orcs
15 creatures vanquished.

Notes
Turn   | Place    | Note
-------+----------+-------------------------------------------
     0 | D:5      | blackman the Human Delver began the quest for the Orb.
     0 | D:5      | Reached XP level 1. HP: 18/18 MP: 1/1
   144 | D:5      | Noticed a scorpion
   151 | D:5      | Noticed a jelly
   155 | D:5      | Killed a jelly
   156 | D:5      | Reached skill level 3 in Axes
   156 | D:5      | Reached XP level 2. HP: 24/24 MP: 2/2
   156 | D:5      | Reached XP level 3. HP: 29/29 MP: 3/3
   157 | D:5      | Killed a scorpion
   158 | D:5      | Reached skill level 4 in Axes
   158 | D:5      | Reached XP level 4. HP: 35/35 MP: 4/4
   262 | D:5      | Reached XP level 5. HP: 32/41 MP: 5/5
   929 | D:5      | Noticed a bullfrog
   936 | D:5      | Killed a bullfrog
   937 | D:5      | Reached skill level 5 in Axes
   944 | D:5      | Reached XP level 6. HP: 24/47 MP: 6/6
  1340 | D:5      | Noticed an ogre
  1345 | D:5      | Killed an ogre
  1346 | D:5      | Reached skill level 6 in Axes
  2404 | D:5      | Slain by an orc wizard

Illustrated notes

Levels and vault maps discovered:
D:5:      layout_cave_pods, chequers_jeans
D:6:      layout_loops_ring, kennysheep_mini_moat

Skill      XL: |  1  2  3  4  5  6 |
---------------+-------------------+-----
Axes           | 3 4 5 6 |  6.6
Fighting       | |  3.0
Dodging        | |  2.0
Stealth        | |  5.0

Action                   |  1- 3 |  4- 6 || total
-------------------------+-------+-------++-------
Melee: Hand axe          |     7 |    44 ||    51
       Punch             |     1 |       ||     1
       Whip              |       |    12 ||    12
Evoke: Wand              |     4 |     6 ||    10
  Use: Potion            |       |     1 ||     1
 Stab: Sleeping          |     2 |       ||     2
       Invisible         |       |     1 ||     1
Armor: Chain mail        |       |    33 ||    33
Dodge: Dodged            |     5 |    17 ||    22

Table legend: (Time is in decaauts)
 A = Elapsed time spent in this place.
 B = Non-inter-level travel time spent in this place.
 C = Inter-level travel time spent in this place.
 D = Time resting spent in this place.
 E = Time spent auto-exploring this place.
 F = Levels seen in this place.
 G = Mean time per level.
                   A        B        C        D        E       F      G
               +--------+--------+--------+--------+--------+-----+--------+
         Total |   2408 |   2384 |     24 |   1478 |    740 |   2 | 1204.0 |
       Dungeon |   2408 |   2384 |     24 |   1478 |    740 |   2 | 1204.0 |
               +--------+--------+--------+--------+--------+-----+--------+

Top non-repeatable levels by time:
     D:5: 2388 daAuts
     D:6: 19 daAuts
